Cogmind - Beta 14 @@@ ROGUE MODE // 2024.08.12 @ 10:51:09 Player: Sgt. SmokeWeed Result: Self-destructed Performance ------------- Evolutions (1) 500 Regions Visited (5) 1000 Robots Destroyed (27) 135 Value Destroyed (619) 619 Prototype IDs (24) 480 Alien Tech Used (0) 0 Bonus (311) 311 TOTAL SCORE: 3045 Bonus ------- High Alert Combat Kills 11 Aligned with FarCom 300 Cogmind --------- Core Integrity 314/400 Matter 300/300 Energy 265/265 System Corruption 0% Temperature Cool (0) Movement Core (200) Ox3 Location -9/Exiles Parts ------- > --- POWER (1) -------- Improved Ion Engine > --- PROPULSION (2) --- (None) > --- UTILITY (4) ------ Heat Sink > --- WEAPON (2) ------- Small Laser Light Assault Rifle > --- INVENTORY (5) ---- Weapon Shielding Weapon Shielding Peak State ------------ > --- POWER ------------ Improved Ion Engine > --- PROPULSION ------- Light Treads > --- UTILITY ---------- Heat Sink > --- WEAPON ----------- Improved Medium Laser Improved Medium Laser > --- INVENTORY -------- Weapon Shielding Weapon Shielding Light Assault Rifle [Rating: 10] Favorites ----------- Power Ion Engine Engine Ion Engine Propulsion Light Treads Treads Light Treads Utility Heat Sink Device Heat Sink Weapon Light Assault Rifle Energy Gun EM Pulse Gun Ballistic Gun Light Assault Rifle Launcher Grenade Launcher Build | -11 -10 -10 -9 -9 -9 ------- Run | Yrd Mat Min Mat Min Exi Slots Evolved 2 | . . . 2 . . Power . | . . . . . . Propulsion . | . . . . . . Utility 2 | . . . 2 . . Weapon . | . . . . . . Parts Attached 17 | 6 1 2 8 . . Power 2 | 1 . . 1 . . Engine 2 | 1 . . 1 . . Core . | . . . . . . Reactor . | . . . . . . Propulsion 3 | 2 . . 1 . . Treads 3 | 2 . . 1 . . Leg . | . . . . . . Wheel . | . . . . . . Hover . | . . . . . . Flight . | . . . . . . Utility 1 | . . . 1 . . Device 1 | . . . 1 . . Storage . | . . . . . . Processor . | . . . . . . Hackware . | . . . . . . Protection . | . . . . . . Artifact . | . . . . . . Weapon 11 | 3 1 2 5 . . Energy Gun 5 | 2 . . 3 . . Energy Cannon . | . . . . . . Ballistic Gun 4 | 1 . 1 2 . . Ballistic Cannon . | . . . . . . Launcher 2 | . 1 1 . . . Special Weapon . | . . . . . . Impact Weapon . | . . . . . . Slashing Weapon . | . . . . . . Piercing Weapon . | . . . . . . Special Melee Weapon . | . . . . . . Unidentified Prototypes 1 | . . . 1 . . Parts Lost 8 | . . 2 6 . . Power 1 | . . . 1 . . Propulsion 3 | . . . 3 . . Utility . | . . . . . . Weapon 4 | . . 2 2 . . Highest Loss Streak 3 | . . 1 3 . . To Critical Strikes . | . . . . . . Average Slot Usage (%) 55 | . 71 69 50 44 44 Engine 12 | . 14 14 10 11 11 Treads 13 | . 28 28 14 . . Device 5 | . . . 5 11 11 Energy Gun 11 | . 15 12 10 11 11 Ballistic Gun 5 | . . . 5 11 11 Launcher 6 | . 12 13 4 . . Peak Build Rating 10 | 5 5 6 10 5 5 Average Rating 5 | 3 5 5 7 5 5 On Entrance 4 | . 5 5 6 5 5 Naked Turns . | . . . . . . Heaviest Build 14 | 9 10 11 14 10 10 Greatest Support 40 | 40 40 40 40 3 3 Greatest Overweight (x) 3 | 1 . . 3 3 3 Average Overweight (x) 1 | . . . . 3 3 Largest Inventory Capacity 5 | 5 5 5 5 5 5 Average Capacity 5 | 5 5 5 5 5 5 Most Carried 3 | . . . 3 2 2 Average Carried 1 | . . . 2 2 2 Final Capacity 5 | 5 5 5 5 5 5 Final Carried 2 | . . . 2 2 2 Class Distribution -------------------- 58% | Mutant 41% | Scavenger-Mutant Dominant Class ---------------- Mutant | -10/Materials Mutant | -10/Mines Mutant | -9/Materials Scavenger-Mutant | -9/Mines Scavenger-Mutant | -9/Exiles Resources | -11 -10 -10 -9 -9 -9 ----------- Run | Yrd Mat Min Mat Min Exi Matter Collected 484 | 243 27 35 179 . . Remotely . | . . . . . . Salvage Created 713 | . 88 72 553 . . Parts 45 | . 9 5 31 . . Haulers Intercepted . | . . . . . . Recyclers Shooed 1 | . . . 1 . . Parts Field Recycled . | . . . . . . Retrieved Matter . | . . . . . . Parts Self-Destructed . | . . . . . . Prevented . | . . . . . . Kills | -11 -10 -10 -9 -9 -9 ------- Run | Yrd Mat Min Mat Min Exi Combat Hostiles Destroyed 22 | . 3 5 14 . . Guns 15 | . 3 2 10 . . AOE 7 | . . 3 4 . . Classes Destroyed 6 | . 2 1 3 . . Recycler 3 | . . 1 2 . . Operator 1 | . . . 1 . . Watcher 1 | . 1 . . . . Swarmer 11 | . 3 5 3 . . Grunt 9 | . . . 9 . . Sentry 2 | . . . 2 . . Best Kill Streak 6 | . 2 3 6 . . Combat Bots Only 4 | . 2 3 4 . . Max Kills in Single Turn 2 | . 1 1 2 . . Gunslinging . | . . . . . . Exploded 2 | . . 1 2 . . Melee . | . . . . . . Uniques/NPCs Destroyed . | . . . . . . Combat | -11 -10 -10 -9 -9 -9 -------- Run | Yrd Mat Min Mat Min Exi Hostile Shots Fired 112 | . 8 36 68 . . Missed 38 | . 5 14 19 . . Damage Taken 948 | . 58 276 614 . . Core 157 | . . 71 86 . . Absorbed by Shields . | . . . . . . Core Remaining (%) 85 | 100 . 71 . . . Volleys Fired 52 | . 6 9 37 . . Largest 2 | . 2 2 2 . . Hottest 112 | . 70 73 112 . . Shots Fired 82 | . 8 11 63 . . Gun 70 | . 6 7 57 . . Cannon . | . . . . . . Launcher 12 | . 2 4 6 . . Special . | . . . . . . Kinetic 10 | . . . 10 . . Thermal 47 | . . . 47 . . Explosive 12 | . 2 4 6 . . Electromagnetic 13 | . 6 7 . . . Robot Hit Streak 9 | . 2 6 9 . . Robot Miss Streak 4 | . 2 4 3 . . Penetration Max . | . . . . . . Secondary Targets 3 | . . . 3 . . Max Gunslinging Chain 1 | . . . 1 . . Shots Hit Robots 55 | . 4 6 45 . . Core Hits 39 | . 4 9 26 . . Critical Kills . | . . . . . . Critical Parts Destroyed . | . . . . . . Critical Strikes 2 | . . . 2 . . Burn 2 | . . . 2 . . Melee Attacks . | . . . . . . Impact . | . . . . . . Slashing . | . . . . . . Piercing . | . . . . . . Sneak Attacks . | . . . . . . Combat Hostiles . | . . . . . . Follow-up Attacks . | . . . . . . Damage Inflicted 1585 | . 75 466 1044 . . Guns 784 | . 52 53 679 . . Cannons . | . . . . . . Explosions 801 | . 23 413 365 . . Melee . | . . . . . . Ramming . | . . . . . . Kinetic 58 | . . . 58 . . Thermal 680 | . . 59 621 . . Explosive 742 | . 23 354 365 . . Electromagnetic 105 | . 52 53 . . . Impact . | . . . . . . Slashing . | . . . . . . Piercing . | . . . . . . Highest Corruption . | . . . . . . Average Corruption . | . . . . . . Corruption Purged . | . . . . . . Corruption Blocked . | . . . . . . Overload Shots . | . . . . . . Overflow Damage 66 | . . 44 22 . . Projectiles . | . . . . . . Explosions 66 | . . 44 22 . . Melee . | . . . . . . Knockbacks . | . . . . . . Impact . | . . . . . . Kinetic . | . . . . . . Secondary . | . . . . . . Self-Inflicted Damage 138 | . 30 108 . . . Shots 5 | . 1 4 . . . Rammed . | . . . . . . Targets Rammed . | . . . . . . Kicked . | . . . . . . Crushed . | . . . . . . Highest Temperature 441 | . 18 21 441 . . Average Temperature 78 | . 10 15 93 . . Received Heat Transfer 261 | . . . 261 . . Effects 2 | . . . 2 . . Energy Bleed 1 | . . . 1 . . Short Circuit 1 | . . . 1 . . Siege Activations . | . . . . . . Robots Corrupted . | . . . . . . Combat Hostiles . | . . . . . . Parts Fried . | . . . . . . Impact Corruptions . | . . . . . . Robots Melted . | . . . . . . Combat Hostiles . | . . . . . . Parts Melted 2 | . . . 2 . . Heat Transferred 1617 | . . 100 1517 . . Parts Sabotaged . | . . . . . . Parts Stolen . | . . . . . . Parts Stripped . | . . . . . . Power Chain Reactions 1 | . . 1 . . . Alert | -11 -10 -10 -9 -9 -9 ------- Run | Yrd Mat Min Mat Min Exi Peak Influence 415 | . 95 94 415 161 . Initial 161 | . . 36 36 161 . Average 123 | . 26 44 243 161 . Maximum Alert Level 2 | . . . 2 . . Low Security (%) 81 | 100 100 100 24 100 . Level 1 15 | . . . 63 . . Level 2 2 | . . . 11 . . Level 3 . | . . . . . . Level 4 . | . . . . . . Level 5 . | . . . . . . High Security . | . . . . . . Max Security . | . . . . . . Squads Dispatched 2 | . . . 2 . . Investigation 2 | . . . 2 . . Extermination . | . . . . . . Reinforcement . | . . . . . . Assault . | . . . . . . Garrison . | . . . . . . Intercept . | . . . . . . Searches Triggered . | . . . . . . Construction Impeded . | . . . . . . Haulers Reinforced . | . . . . . . Active Scanning Responses . | . . . . . . Cargo Convoy Interrupts . | . . . . . . Stealth | -11 -10 -10 -9 -9 -9 --------- Run | Yrd Mat Min Mat Min Exi Distress Signals 2 | . 1 . 1 . . Communications Jammed . | . . . . . . Distress Signals . | . . . . . . Times Spotted 27 | . 4 6 17 . . Peak Tracking Total 6 | . 2 3 6 . . Tactical Retreats . | . . . . . . Traps | -11 -10 -10 -9 -9 -9 ------- Run | Yrd Mat Min Mat Min Exi Traps Triggered 1 | . . . 1 . . Indirectly . | . . . . . . Trap Hack Attempts . | . . . . . . Triggered . | . . . . . . Disarmed . | . . . . . . Reprogrammed . | . . . . . . Reused . | . . . . . . Traps Extracted . | . . . . . . Installed . | . . . . . . Triggered . | . . . . . . Machines | -11 -10 -10 -9 -9 -9 ---------- Run | Yrd Mat Min Mat Min Exi Machines Disabled 5 | . . 1 4 . . Max in Single Turn 2 | . . 1 2 . . Machines Repaired . | . . . . . . Machines Dismantled . | . . . . . . Machines Sabotaged . | . . . . . . Overloaded Fab Kills . | . . . . . . Hacking | -11 -10 -10 -9 -9 -9 --------- Run | Yrd Mat Min Mat Min Exi Machines Accessed 5 | . 1 1 2 . 1 Terminals 4 | . 1 1 2 . . Fabricators . | . . . . . . Repair Stations . | . . . . . . Recycling Units . | . . . . . . Scanalyzers . | . . . . . . Garrison Access . | . . . . . . Total Hacks 6 | . 1 1 3 . 1 Successful 4 | . 1 1 1 . 1 Failed 2 | . . . 2 . . Catastrophic . | . . . . . . Database Lockouts . | . . . . . . Manual 5 | . 1 . 3 . 1 Terminals 5 | . 1 1 3 . . Fabricators . | . . . . . . Repair Stations . | . . . . . . Recycling Units . | . . . . . . Scanalyzers . | . . . . . . Garrison Access . | . . . . . . Terminal Hacks 4 | . 1 1 1 . 1 Branch Access Points 2 | . 1 . 1 . . Zone Layout 1 | . . 1 . . . Derelict Proto ID Bank 1 | . . . . . 1 Fabricator Hacks . | . . . . . . Repair Station Hacks . | . . . . . . Recycling Unit Hacks . | . . . . . . Scanalyzer . | . . . . . . Garrison Access Hacks . | . . . . . . Unauthorized Hacks . | . . . . . . Terminals . | . . . . . . Fabricators . | . . . . . . Repair Stations . | . . . . . . Recycling Units . | . . . . . . Scanalyzers . | . . . . . . Garrison Access . | . . . . . . Data Cores Recovered . | . . . . . . Used . | . . . . . . Hacking Detections 1 | . . . 1 . . Full Trace Events 1 | . . . 1 . . Feedback Events . | . . . . . . Feedback Blocked . | . . . . . . Robot Schematics Acquired . | . . . . . . Robots Built . | . . . . . . Authchips . | . . . . . . Time . | . . . . . . Total Robot Build Rating . | . . . . . . Part Schematics Acquired . | . . . . . . Parts Built . | . . . . . . Authchips . | . . . . . . Time . | . . . . . . Total Part Build Rating . | . . . . . . Parts Repaired . | . . . . . . Time . | . . . . . . Parts Recycled . | . . . . . . Recycled Matter . | . . . . . . Retrieved Matter . | . . . . . . Retrieved Components . | . . . . . . Parts Scanalyzed . | . . . . . . Part Schematics Acquired . | . . . . . . Parts Damaged . | . . . . . . Bothacking | -11 -10 -10 -9 -9 -9 ------------ Run | Yrd Mat Min Mat Min Exi Used RIF Installer . | . . . . . . Robots Hacked . | . . . . . . Non-combat . | . . . . . . Combat . | . . . . . . Robot Hacks Applied . | . . . . . . Relay Couplers Released . | . . . . . . Fabnet Peak Effective % . | . . . . . . Robots Rewired . | . . . . . . Allies Hacked . | . . . . . . Hacks Repelled . | . . . . . . Allies | -11 -10 -10 -9 -9 -9 -------- Run | Yrd Mat Min Mat Min Exi Total Allies . | . . . . . . Largest Group . | . . . . . . Highest-Rated Group . | . . . . . . Highest-Rated Ally . | . . . . . . Total Orders . | . . . . . . Ally Attacks . | . . . . . . Total Damage . | . . . . . . Kills . | . . . . . . Allies Corrupted . | . . . . . . Allies Melted . | . . . . . . Intel | -11 -10 -10 -9 -9 -9 ------- Run | Yrd Mat Min Mat Min Exi Robot Analysis Total . | . . . . . . Derelict Logs Recovered 3 | . . 2 . 1 . Drone Launches . | . . . . . . Drone Recoveries . | . . . . . . Exploration | -11 -10 -10 -9 -9 -9 ------------- Run | Yrd Mat Min Mat Min Exi Turns Passed 1577 | 66 96 467 331 386 231 Spaces Moved 807 | 46 51 270 134 194 112 Core 345 | 15 . . 24 194 112 Treads 462 | 31 51 270 110 . . Legs . | . . . . . . Wheels . | . . . . . . Hover . | . . . . . . Flight . | . . . . . . Fastest Speed 50 | 50 160 160 150 200 200 Average Speed 173 | 126 160 160 164 200 200 Slowest Speed 200 | 160 160 160 200 200 200 Overloaded Moves . | . . . . . . Propulsion Burnouts . | . . . . . . Robots Hopped . | . . . . . . Cave-ins Triggered . | . . . . . . Exploration Rate (%) 31 | 5 16 71 19 37 39 Regions Visited 5 Branch Regions 3 Pre-discovered Areas 4 | . . 2 . 2 . Known Exits Taken 2 | . 1 . 1 . . Unknown Exits Taken 3 | 1 . 1 . 1 . Scrap Searched 2 | . . 1 . 1 . Spaces Dug . | . . . . . . Terrain Destroyed 80 | . 18 44 18 . . Melee . | . . . . . . Projectile . | . . . . . . AOE 80 | . 18 44 18 . . Terrain Rammed . | . . . . . . Walls Destroyed . | . . . . . . Machines Disabled . | . . . . . . Actions | -11 -10 -10 -9 -9 -9 --------- Run | Yrd Mat Min Mat Min Exi Total 897 | 52 58 293 182 193 119 Wait 20 | . . 13 . . 7 Move 802 | 45 50 269 133 193 112 Hop . | . . . . . . Pick Up 2 | . . . 2 . . Fast Attach 15 | 6 1 2 6 . . Attach 1 | . . . 1 . . Detach . | . . . . . . Swap 1 | . . . 1 . . Drop 4 | 1 1 . 2 . . Fire 52 | . 6 9 37 . . Melee . | . . . . . . Ram . | . . . . . . Kick . | . . . . . . Crush . | . . . . . . Escape Stasis . | . . . . . . Rewire . | . . . . . . Trap . | . . . . . . Miscellaneous . | . . . . . . Route ------- -11/Scrapyard -10/Materials (discovered 2 exits: *Min x2) -10/Mines -9/Materials -9/Mines (discovered 3 exits: [*Mat] / *Exi / [*Zio]) -9/Exiles History --------- Turn | Location | Event 4 | -11/Scrapyard | Discovered new exit (range 16) 67 | -11/Scrapyard | Entered Materials 89 | -10/Materials | Identified exit to Mines 163 | -10/Materials | Entered Mines 296 | -10/Mines | Learned location of Zion (-7) 304 | -10/Mines | Build established: Mutant 455 | -10/Mines | Received a Rocket Launcher from a helpful Derelict 532 | -10/Mines | Learned location of Recycling (-8) 605 | -10/Mines | Discovered new exit (range 12) 630 | -10/Mines | Entered Materials 630 | -9/Materials | Evolved 2 slots: Utility x2 731 | -9/Materials | Identified exit to Mines 832 | -9/Materials | Lost 3 parts (1p2n) 944 | -9/Materials | Lost 3 parts (1n2w) 961 | -9/Materials | Entered Mines 983 | -9/Mines | Learned location of Storage (-8) 1079 | -9/Mines | Found a hidden stash of uninstalled traps 1184 | -9/Mines | A Derelict revealed a hidden shortcut to a safe place 1203 | -9/Mines | Discovered new exit (range 6) 1220 | -9/Mines | Build established: Scavenger-Mutant 1337 | -9/Mines | Deemed a non-threat by the Exiles lab entrance 1339 | -9/Mines | Discovered new exit (range 5) 1347 | -9/Mines | Entered Exiles 1395 | -9/Exiles | Met 8R-AWN 1429 | -9/Exiles | Met EX-HEX 1487 | -9/Exiles | Met EX-BIN 1518 | -9/Exiles | Aligned with FarCom system 1520 | -9/Exiles | Given EX-Vault access code 1566 | -9/Exiles | Opened EX-Vault 1578 | -9/Exiles | Self-destructed Last Messages --------------- Modified TNC 0b10 Alert Chip Cloak of Protection Skeleton Box Trap Reconfigurator Supersonic Drone Bay Army-in-a-Box PSU Rigger Chronowheel AWS/Thermal Latent Energy Streamer Gui. Plasma Cannon Firepult YOLO Cannon AWS/Gauss XL Autogun Array AWS/Autocannon Field Lobotomy Kit Longsword +1 Deploy-a-Sentry Map ----- +----------------------------------------------------+ | | | | | | | | | | | | | | | | | | | | | | | | | | | | | | | | | | | | | | | | | | | | | ??????????????????????####?####??????????????????? | | ??????????????????????# # ! #??????????????????? | | ??????????????????????# X #??????????????????? | | ??????????????????????# @ ! #??????????????????? | | ??????????????????????# = #??????????????????? | | ??????????????????????## ##??????????????????? | | ??????????????????????#X #???????????????????? | | ??????????????????????## #???????????????????? | | ???????????????????????# #???????????????????? | | ???????????????????????# #???#???????????????? | | ???????????????????????# #??""""?????????????? | | ???????????????????????# ## """????????????? | | ???????????????????????# X""????????????? | | ???????????????????????# ## """????????????? | | ?????????????????####??# #??""""?????????????? | | ????????????????""""""?# #???#???????????????? | | ????????????????"""" ## #???????????????????? | | ???????????????#""X" #???????????????????? | | ???????????????#" #???????????????????? | | ???????????????#" ## #???????????????????? | | ???????????????#"""""??# #?#########?????????? | | ???????????????##"##???# #?#"""""""#?????????? | | ???????????????????????# #?#"""""""#?????????? | | ???????????????????????# #?#"""""""#?????????? | | ??????????????????????## ###"" """"#?????????? | | ??????????????????????#" """"#?????????? | | ??????????????????????#" """#?????????? | | ??????????????????????#" """#?????????? | +----------------------------------------------------+ Best States ------------- Heat Dissipation 38 Energy Generation 12 Energy Capacity 265 Matter Stores 300 Matter Capacity 300 Sight Range 16 Terrain Scan Density 10 Evasion (%) 50 Recoil Reduction 2 Item Schematics ----------------- None Robot Schematics ------------------ None Fabricated ------------ Nothing Alien Tech Used ----------------- None Achievements -------------- None Challenges ------------ None Game ------ Seed PotentialStructuralTearclaws Manual? 0 Play Time 00:08:21 Cumulative 73.2 hours Start 2024.08.12 @ 10:43:56 End 2024.08.12 @ 10:51:09 Sessions 1 Manual Loads 0 Difficulty Rogue Special Mode None Game No. 179 Rogue 104 Adventurer 75 Explorer 0 Win Type - Total 0 Types 0/0/0/0/0/0/0/0/0 Lore% 40 Gallery% 43 Achievement% 35 Wizard Run 0 Options --------- Layout 0 ASCII 0 Keyboard 0 Movement Mouse Keybinds 0 Fullscreen 1 Font 24/Smallcaps Map View 76x50 Zoom Use 0% Tactical HUD 0 Map Filters NONE Filters NONE Steam 1 RUN: ddae9429-34d0-4c83-985c-d62ba0e1c808